 Dungeon Crawl Stone Soup version 0.23.1 (webtiles) character file.

Game seed: 16096708722176033673

35 Borgoz the Sneak (level 3, -3/26 HPs)
             Began as a Ghoul Enchanter on Mar 9, 2019.
             Slain by a worm (10 damage)
             ... on level 2 of the Dungeon.
             The game lasted 00:02:30 (1196 turns).

Borgoz the Sneak (Ghoul Enchanter)                  Turns: 1196, Time: 00:02:30

Health: -3/26      AC:  5    Str: 11    XL:     3   Next: 35%
Magic:  1/5        EV: 10    Int: 10    God:
Gold:   68         SH:  0    Dex: 10    Spells: 3/6 levels left

rFire    . . .     SeeInvis .   g - +0 short sword
rCold    + . .     Gourm    .   (no shield)
rNeg     + + +     Faith    .   h - +0 ring mail
rPois    ∞         Spirit   .   (no helmet)
rElec    .         Reflect  .   (no cloak)
rCorr    .         Harm     .   (no gloves)
MR       .....                  (no boots)
Stlth    ++........             (no amulet)
HPRegen  0.00/turn              (no ring)
MPRegen  0.09/turn              (no ring)

@: rotting
A: rotting body, claws 1, carnivore, cold resistance 1, negative energy
resistance 3, inhibited regeneration, torment resistance, unbreathing
a: no special abilities


You were on level 2 of the Dungeon.
You were not hungry.

You visited 1 branch of the dungeon, and saw 2 of its levels.

You collected 68 gold pieces.

Inventory:

Hand Weapons
 g - a +0 short sword (weapon)
Armour
 h - a +0 ring mail (worn)
Scrolls
 e - a scroll of identify {unknown}
Potions
 a - 2 potions of heal wounds {unknown}
 f - a potion of resistance {unknown}
Comestibles
 c - 5 chunks of flesh
 d - 3 rations


   Skills:
 + Level 1.1 Short Blades
 + Level 0.4 Armour
 + Level 1.9 Dodging
 + Level 3.9 Stealth
 + Level 2.0 Spellcasting
 + Level 2.8 Hexes


You had 3 spell levels left.
You knew the following spells:

 Your Spells              Type           Power        Failure   Level  Hunger
a - Corona                Hex            #......      24%         1    ##.....
b - Ensorcelled Hibernat  Hex/Ice        #.....       54%         2    ###....

Your spell library contained the following spells:

 Spells                   Type           Power        Failure   Level  Hunger
 Confuse                  Hex            #.......     58%         3    ####...
 Tukima's Dance           Hex            #.......     58%         3    ####...
 Dazzling Spray           Conj/Hex       #.....       78%         3    ####...


Dungeon Overview and Level Annotations

Branches:
Dungeon (2/15)

Altars:
Cheibriados


Innate Abilities, Weirdness & Mutations

Your body is rotting away.
You thrive on raw meat.
You are immune to poison.
You have sharp fingernails.
You are carnivorous and can eat meat at any time.
Your flesh is cold resistant. (rC+)
You are immune to negative energy. (rN+++)
You do not regenerate when monsters are visible.
You are immune to unholy pain and torment.
You can survive without breathing.


Message History

The worm is moderately wounded.
You barely miss the worm.
The worm is moderately wounded.
The worm closely misses you.
You hit the worm.
The worm is heavily wounded.
The worm closely misses you.
You barely miss the worm.
The worm is heavily wounded.
You hit the worm but do no damage.
The worm is heavily wounded.
The worm bites you!
* * * LOW HITPOINT WARNING * * *
You are too injured to fight recklessly!
You completely miss the worm.
The worm is heavily wounded.
You hit the worm.
The worm is heavily wounded.
The worm bites you!
You die...

.%..............
...............$.
..................
..................
............?..[..
..................
...........w......
.........@.^.#
.##.........#
#..<......#
####.###$......##
.......<..........
####.####......$..
#.......?..
#..........
#.........


You could see a worm.

Vanquished Creatures
  2 dart slugs (D:1)
  2 giant cockroaches (D:1)
  9 goblins (D:1)
  3 hobgoblins (D:1)
  3 bats (D:1)
  6 kobolds (D:1)
  3 rats (D:1)
28 creatures vanquished.

Notes
Turn   | Place    | Note
-------+----------+-------------------------------------------
     0 | D:1      | Borgoz the Ghoul Enchanter began the quest for the Orb.
     0 | D:1      | Reached XP level 1. HP: 14/14 MP: 2/2
   209 | D:1      | Found a snail-covered altar of Cheibriados.
   256 | D:1      | Reached XP level 2. HP: 12/20 MP: 3/3
   407 | D:1      | Reached skill level 1 in Short Blades
   814 | D:1      | Learned a level 2 spell: Ensorcelled Hibernation
   862 | D:1      | Reached XP level 3. HP: 15/25 MP: 5/5
  1196 | D:2      | Slain by a worm

Skill      XL: |  1  2 |
---------------+-------+-----
Short Blades   | 1 |  1.1
Spellcasting   | 2 |  2.0
Armour         | |  0.4
Dodging        | |  1.9
Stealth        | |  3.9
Hexes          | |  2.8

Action                   || total
-------------------------++-------
Melee: Dagger            ||    37
       Short sword       ||    77
 Cast: Corona            ||     1
       Ensorcelled Hiber ||     2
 Stab: Sleeping          ||     3
  Eat: Chunk             ||     6
Armor: Robe              ||     3
       Ring mail         ||    38
Dodge: Dodged            ||    75
